[Event "70th RUS-ch Women Higher League 2020"]
[Site "Sochi"]
[Date "2020.10.10"]
[Round "3.17"]
[White "Paramzina, Anastasya"]
[Black "Salakhova, Adelya"]
[Result "1-0"]
[ECO "B34"]
[WhiteElo "2237"]
[BlackElo "1885"]
[Annotator "ChessBase"]
[PlyCount "127"]
[EventDate "2020.10.08"]
[EventType "swiss"]
[EventCountry "RUS"]
[SourceTitle "playchess.com"]
[Source "ChessBase"]
[SourceQuality "1"]
[TimeControl "40/5400+30:1800+30"]

1. e4 c5 2. Nf3 Nc6 3. d4 cxd4 4. Nxd4 Nf6 5. Nc3 e5 6. Ndb5 d6 7. Nd5 Nxd5 8. exd5 Nb8 9. a4 Be7 10. Bd2 a6 11. Na3 a5 12. Bb5+ Nd7 13. O-O O-O 14. Nc4 f5 15. Qe1 b6 16. f4 Qc7 17. Bc6 Ba6 18. Rf3 Rab8 19. Na3 Bf6 20. Bc3 Rbe8 21. Qf2 Re7 22. Nb5 Bxb5 23. axb5 Nc5 24. fxe5 dxe5 25. Rxf5 Ne4 26. Qe3 Nd6 27. Rff1 e4 28. Bxf6 gxf6 29. b4 axb4 30. Ra6 Nc8 31. Ra8 f5 32. g3 Rg7 33. Qf4 Qe7 34. Rxc8 Rxc8 35. d6 Qf6 36. Qxf5 Qxf5 37. Rxf5 e3 38. Kf1 Rd8 39. Ke2 Ra7 40. Rf6 Kg7 41. Re6 Ra3 42. d7 Rf8 43. Re7+ Kh6 44. Re6+ Kg7 45. Re7+ Kh6 46. Rxe3 Rxe3+ 47. Kxe3 b3 48. cxb3 Kg5 49. Ke4 Kf6 50. Kf4 Rg8 51. g4 Rf8 52. g5+ Ke7+ 53. Kg4 Rg8 54. h4 h6 55. Kh5 hxg5 56. hxg5 Rh8+ 57. Kg6 Rh3 58. Kg7 Rxb3 59. g6 Rh3 60. Kg8 Rg3 61. g7 Rg5 62. Kh7 Rh5+ 63. Kg6 Rh3 64. d8=Q+ 1-0

[Event "70th RUS-ch Women Higher League 2020"]
[Site "Sochi"]
[Date "2020.10.11"]
[Round "4.15"]
[White "Kochukova, Anna"]
[Black "Bykova, Anastasia"]
[Result "0-1"]
[ECO "B18"]
[WhiteElo "2093"]
[BlackElo "2215"]
[Annotator "ChessBase"]
[PlyCount "74"]
[EventDate "2020.10.08"]
[EventType "swiss"]
[EventCountry "RUS"]
[SourceTitle "playchess.com"]
[Source "ChessBase"]
[SourceQuality "1"]
[TimeControl "40/5400+30:1800+30"]

1. e4 c6 2. d4 d5 3. Nc3 dxe4 4. Nxe4 Bf5 5. Ng3 Bg6 6. Nh3 Nf6 7. Nf4 Nbd7 8. Bc4 e6 9. O-O Nb6 10. Bb3 c5 11. dxc5 Bxc5 12. Qf3 Qc7 13. Bxe6 fxe6 14. Nxe6 Qc8 15. Nxg7+ Kf7 16. N7h5 Qc6 17. Qf4 Nbd5 18. Qh4 Be7 19. Nxf6 Qxf6 20. Qc4 Qc6 21. Qe2 Nf6 22. c3 Rad8 23. Re1 Rhe8 24. Be3 Bd3 25. Qd1 Be4 26. Qb3+ Bd5 27. Qc2 Bxg2 28. Qf5 Qf3 29. Bxa7 Qxf5 30. Nxf5 Bh3 31. Nxe7 Rxe7 32. Rxe7+ Kxe7 33. Re1+ Kf7 34. Bc5 Rg8+ 35. Kh1 Bg2+ 36. Kg1 Bd5+ 37. Kf1 Bc4+ 0-1

[Event "70th RUS-ch Women Higher League 2020"]
[Site "Sochi"]
[Date "2020.10.11"]
[Round "4.16"]
[White "Miroshnik, Ekaterina"]
[Black "Komissarova, Soigina"]
[Result "1-0"]
[ECO "D30"]
[WhiteElo "2104"]
[BlackElo "1780"]
[Annotator "NA"]
[PlyCount "137"]
[EventDate "2020.10.08"]
[EventType "swiss"]
[EventCountry "RUS"]
[SourceTitle "playchess.com"]
[Source "ChessBase"]
[SourceQuality "1"]
[TimeControl "40/5400+30:1800+30"]

1. d4 d5 2. c4 e6 3. Nf3 c6 4. Nbd2 Nf6 5. e3 c5 6. cxd5 exd5 7. Bb5+ Bd7 8. Be2 Nc6 9. O-O Be7 10. dxc5 Bxc5 11. Nb3 Bb6 12. Bd2 O-O 13. Bc3 Be6 14. Rc1 Rc8 15. Nbd4 Ne4 16. Nxc6 bxc6 17. Be5 f6 18. Bg3 Nxg3 19. hxg3 c5 20. Ne1 Qd6 21. Nd3 Rfd8 22. Nf4 Bf7 23. Bg4 Rc7 24. Qc2 c4 25. Rfd1 Qe5 26. Bf3 g5 27. Ne2 Bg6 28. Qd2 Rcd7 29. Nd4 Bd3 30. Nc6 Qc7 31. Nxd8 Qxd8 32. Be2 Ba5 33. b4 Bxb4 34. Qxb4 Bxe2 35. Rd2 Bd3 36. Rb2 Kg7 37. Qc3 Qe7 38. Rb5 Qd6 39. Qb2 c3 40. Rxc3 Bxb5 41. Qxb5 Qe6 42. Rc6 Qg4 43. Qd3 Rb7 44. Qc2 Rd7 45. Qb1 Qa4 46. Qc2 Qg4 47. Qb3 Qe2 48. Rc1 Qg4 49. Rd1 Qf5 50. Qd3 Qe6 51. Qd4 Qa6 52. e4 Qxa2 53. exd5 a5 54. Re1 Qxd5 55. Re7+ Rxe7 56. Qxd5 Ra7 57. Qc5 Rd7 58. Qxa5 Rf7 59. Qc5 Kg6 60. Qd6 h6 61. Qe6 Kg7 62. Kh2 Kg6 63. Kh3 h5 64. f4 g4+ 65. Kh4 Rg7 66. Qe8+ Rf7 67. Qg8+ Rg7 68. f5+ Kh6 69. Qh8+ 1-0

[Event "70th RUS-ch Women Higher League 2020"]
[Site "Sochi"]
[Date "2020.10.11"]
[Round "4.17"]
[White "Salakhova, Adelya"]
[Black "Gorovenko, Darya"]
[Result "0-1"]
[ECO "B31"]
[WhiteElo "1885"]
[BlackElo "2120"]
[Annotator "ChessBase"]
[PlyCount "128"]
[EventDate "2020.10.08"]
[EventType "swiss"]
[EventCountry "RUS"]
[SourceTitle "playchess.com"]
[Source "ChessBase"]
[SourceQuality "1"]
[TimeControl "40/5400+30:1800+30"]

1. e4 c5 2. Nf3 Nc6 3. Bb5 g6 4. O-O Bg7 5. Bxc6 bxc6 6. Re1 d5 7. d3 e6 8. Nc3 Ne7 9. Bg5 Bb7 10. Qd2 h6 11. Bf4 Qb6 12. Rab1 Rd8 13. Na4 Qb5 14. b3 g5 15. Bg3 Ng6 16. Qc1 c4 17. exd5 cxd5 18. bxc4 Qxa4 19. Rxb7 Qa6 20. Qb1 dxc4 21. dxc4 Qxc4 22. Rxa7 O-O 23. Qb3 Rc8 24. Qb7 g4 25. Nh4 Qxc2 26. Nxg6 Qxg6 27. a4 Bd4 28. Ra6 Qd3 29. Rc6 Qd2 30. Rf1 Ra8 31. Qb5 Ra5 32. Qc4 Rfa8 33. Rc8+ Rxc8 34. Qxc8+ Kg7 35. Bd6 Bxf2+ 36. Rxf2 Qxd6 37. Qb7 Qd1+ 38. Rf1 Qd4+ 39. Rf2 Ra7 40. Qb2 Qxb2 41. Rxb2 Rxa4 42. Kf2 Ra3 43. Rb5 Kg6 44. Re5 h5 45. g3 Rf3+ 46. Ke2 Rf5 47. Re3 Kg5 48. Re4 h4 49. h3 gxh3 50. Rxh4 h2 51. Rxh2 Kg4 52. Rg2 Ra5 53. Rg1 Ra3 54. Kf2 Rf3+ 55. Ke2 Rxg3 56. Ra1 Kf5 57. Rf1+ Kg6 58. Ra1 f5 59. Ra8 Kf6 60. Ra6 f4 61. Kf2 Rb3 62. Ra8 Kf5 63. Re8 e5 64. Ra8 Rb2+ 0-1

[Event "70th RUS-ch Women Higher League 2020"]
[Site "Sochi"]
[Date "2020.10.11"]
[Round "4.18"]
[White "Garmash, Aliona"]
[Black "Makarova, Olga"]
[Result "1-0"]
[ECO "D37"]
[WhiteElo "2093"]
[BlackElo "1875"]
[Annotator "ChessBase"]
[PlyCount "71"]
[EventDate "2020.10.08"]
[EventType "swiss"]
[EventCountry "RUS"]
[SourceTitle "playchess.com"]
[Source "ChessBase"]
[SourceQuality "1"]
[TimeControl "40/5400+30:1800+30"]

1. d4 d5 2. Nf3 Nf6 3. c4 e6 4. Nc3 Be7 5. Bf4 O-O 6. e3 Nbd7 7. h3 c5 8. Bd3 dxc4 9. Bxc4 a6 10. a4 Qa5 11. O-O cxd4 12. exd4 Nb6 13. Bd3 Nbd5 14. Bd2 Bd7 15. Ne5 Rfd8 16. Nb5 Qb6 17. a5 Qxb5 18. Bxb5 Bxb5 19. Re1 Nb4 20. Bc3 Rac8 21. Re3 Nbd5 22. Rf3 Rc7 23. Rc1 Rdc8 24. Bd2 Bf8 25. Rxc7 Rxc7 26. Qe1 Rc2 27. g4 h6 28. h4 Bd6 29. g5 hxg5 30. hxg5 Ne4 31. Qxe4 Rxd2 32. g6 Rd1+ 33. Kh2 f5 34. Qh4 Nf6 35. Rc3 Ng4+ 36. Kg2 1-0

[Event "70th RUS-ch Women Higher League 2020"]
[Site "Sochi"]
[Date "2020.10.12"]
[Round "5.4"]
[White "Kovanova, Baira"]
[Black "Grigorieva, Yulia"]
[Result "1/2-1/2"]
[ECO "E67"]
[WhiteElo "2324"]
[BlackElo "2237"]
[Annotator "NA"]
[PlyCount "81"]
[EventDate "2020.10.08"]
[EventType "swiss"]
[EventCountry "RUS"]
[SourceTitle "playchess.com"]
[Source "ChessBase"]
[SourceQuality "1"]
[TimeControl "40/5400+30:1800+30"]

1. d4 Nf6 2. c4 g6 3. g3 Bg7 4. Bg2 O-O 5. Nc3 d6 6. Nf3 Nbd7 7. O-O e5 8. h3 Re8 9. e4 exd4 10. Nxd4 Nc5 11. Re1 Bd7 {[%emt 0:00:22] The modern move.} 12. Bf4 h6 13. Qc2 {[%emt 0:06:40] E68: King's Indian: Fianchetto: 6...Nbd7 7 0-0 e5 8 e4.} Nfxe4 14. Nxe4 Bxd4 15. Rad1 (15. Qd2 $5 Ne6 16. Bxh6 $14) 15... Bg7 16. Nxc5 {[%emt 0:00:42] [#]} Rxe1+ $146 ({Predecessor:} 16... dxc5 17. Bxb7 Rb8 18. Bd5 g5 19. Qg6 Rxe1+ 20. Rxe1 Qf6 21. Qxf6 Bxf6 22. Bc1 c6 {½-½ (31) Kourkoulos Arditis,S (2457)-Ioannidis,E (2379) Thessaloniki 2019}) 17. Rxe1 dxc5 18. Bxb7 Rb8 19. Bd5 $11 Rxb2 20. Qxg6 Qf6 21. Qh5 Rxa2 22. Kg2 c6 23. Bf3 Bf5 24. Re5 Bg6 25. Re8+ Kh7 26. Qxc5 Qc3 27. Be4 Qd4 28. Bxg6+ fxg6 29. Qxd4 Bxd4 30. Be3 Bxe3 31. Rxe3 Rc2 32. Re7+ Kg8 33. Rxa7 Rxc4 34. Rc7 Rc3 35. g4 c5 36. h4 c4 37. h5 gxh5 38. gxh5 Rc1 39. Kf3 c3 40. Ke2 c2 41. Kd2 1/2-1/2

[Event "70th RUS-ch Women Higher League 2020"]
[Site "Sochi"]
[Date "2020.10.12"]
[Round "5.5"]
[White "Voit, Daria"]
[Black "Nasyrova, Ekaterina"]
[Result "1/2-1/2"]
[ECO "D00"]
[WhiteElo "2343"]
[BlackElo "2171"]
[Annotator "NA"]
[PlyCount "141"]
[EventDate "2020.10.08"]
[EventType "swiss"]
[EventCountry "RUS"]
[SourceTitle "playchess.com"]
[Source "ChessBase"]
[SourceQuality "1"]
[TimeControl "40/5400+30:1800+30"]

1. d4 d5 2. Bf4 e6 3. e3 Bd6 4. Bg3 Ne7 5. Bd3 O-O 6. Nd2 Ng6 7. f4 c5 8. c3 Nc6 9. Ngf3 Qb6 10. Qb1 cxd4 11. cxd4 Bd7 12. a3 a5 13. O-O f5 14. Bf2 a4 15. Kh1 Na5 16. g4 Bb5 17. gxf5 Bxd3 $15 18. Qxd3 Rxf5 19. Qc2 Qb5 20. Rg1 Qd7 21. Rac1 b5 22. Rg2 Nc4 23. Nxc4 bxc4 24. Rcg1 Rb8 25. Ng5 Bf8 26. Nxh7 Kxh7 27. Rxg6 Rb3 28. R1g2 Kg8 29. R6g3 c3 30. bxc3 Qc6 31. Be1 Rxa3 32. Rg5 Rf6 33. Rg1 Qd7 34. e4 dxe4 35. Qxe4 Ra1 36. c4 a3 37. Ra5 Qc7 38. c5 a2 39. Ra6 Qxf4 40. Qxf4 Rxf4 41. Bf2 Rxg1+ 42. Kxg1 Rf3 43. Rxa2 Rc3 44. Bg3 Be7 45. Kf2 Bf6 46. Rd2 Kf7 47. Ke2 Ke8 48. Rd3 Rc2+ 49. Ke3 Kd7 50. Ke4 Re2+ 51. Re3 Rd2 52. Be5 Bxe5 53. Kxe5 Rxh2 54. Rg3 Rh5+ 55. Ke4 Rh4+ 56. Kd3 Rh1 57. Rxg7+ Kc6 58. Ra7 Rd1+ 59. Kc3 Re1 60. Ra6+ Kc7 61. Rd6 Re3+ 62. Kc4 Re2 63. Kd3 Re1 64. Ra6 Kd7 65. Rb6 Kc7 66. Rb2 Kc6 67. Re2 Rxe2 68. Kxe2 e5 69. dxe5 Kxc5 70. Ke3 Kd5 71. e6 1/2-1/2

[Event "70th RUS-ch Women Higher League 2020"]
[Site "Sochi"]
[Date "2020.10.12"]
[Round "5.6"]
[White "Solozhenkina, Elizaveta"]
[Black "Getman, Tatyana"]
[Result "0-1"]
[ECO "D38"]
[WhiteElo "2301"]
[BlackElo "2271"]
[Annotator "NA"]
[PlyCount "108"]
[EventDate "2020.10.08"]
[EventType "swiss"]
[EventCountry "RUS"]
[SourceTitle "playchess.com"]
[Source "ChessBase"]
[SourceQuality "1"]
[TimeControl "40/5400+30:1800+30"]

1. d4 Nf6 2. c4 e6 3. Nf3 d5 4. Nc3 Bb4 5. Bg5 Nbd7 6. cxd5 exd5 7. e3 c5 8. Bd3 Qa5 9. O-O c4 10. Bf5 O-O 11. Qc2 Re8 12. Nd2 g6 13. Bxd7 Nxd7 14. h4 {[%emt 0:07:33] D38: Queen's Gambit Declined: Ragozin Defence (4 Nf3 Bb4).} Nb6 15. f3 {[%emt 0:01:44] [#]} Kg7 $146 ({Predecessor:} 15... Bxc3 16. bxc3 Qa4 17. Qc1 Bf5 18. Re1 Qc6 19. a4 Bd3 20. a5 Nd7 21. Qa3 Re6 22. Ra2 {1-0 (46) Kozul,Z (2630)-Abasov,N (2523) Jerusalem 2015}) 16. e4 f6 17. Bf4 dxe4 18. fxe4 Qh5 {[%emt 0:01:55] [#]} (18... Bg4 $14) 19. Bg3 (19. Nxc4 $1 $16 Be6 (19... Nxc4 20. Nd5) 20. Nxb6 axb6 21. e5) 19... Be6 20. a3 Be7 21. Nf3 Rad8 22. Rad1 Bg4 $14 23. Bc7 Rd7 24. Bg3 Red8 25. Ne2 Bd6 26. Bxd6 Rxd6 27. d5 Bxf3 28. Rxf3 Qxh4 29. Nf4 Re8 30. Ne6+ Rexe6 31. dxe6 Rxe6 32. Rdf1 Qg5 33. Qf2 Qe5 34. b3 cxb3 35. Rxb3 Qxe4 36. Rf3 Qe5 37. a4 Nxa4 38. Qxa7 Qc5+ 39. Qxc5 Nxc5 40. Rb1 g5 41. Rf5 b6 42. Rd5 Kg6 43. Rd8 h5 44. Rb8 Nd7 45. Rd8 Ne5 46. Rb8 Nc4 47. Rc8 Nd2 48. Rb4 g4 49. Rb8 Kg5 50. R8xb6 Re2 51. Ra6 f5 52. Rb5 Kf4 53. Ra4+ Kg3 54. Ra3+ Nf3+ 0-1

[Event "70th RUS-ch Women Higher League 2020"]
[Site "Sochi"]
[Date "2020.10.12"]
[Round "5.7"]
[White "Paramzina, Anastasya"]
[Black "Shafigullina, Zarina"]
[Result "1/2-1/2"]
[ECO "B90"]
[WhiteElo "2237"]
[BlackElo "2296"]
[Annotator "ChessBase"]
[PlyCount "139"]
[EventDate "2020.10.08"]
[EventType "swiss"]
[EventCountry "RUS"]
[SourceTitle "playchess.com"]
[Source "ChessBase"]
[SourceQuality "1"]
[TimeControl "40/5400+30:1800+30"]

1. e4 c5 2. Nc3 d6 3. Nf3 Nf6 4. d4 cxd4 5. Nxd4 a6 6. Nb3 Nbd7 7. a4 b6 8. g4 Bb7 9. Bg2 g6 10. O-O Bg7 11. e5 Bxg2 12. exf6 Bxf1 13. fxg7 Rg8 14. Kxf1 Rxg7 15. Qd4 Rg8 16. Be3 Rb8 17. a5 b5 18. Nd5 Ne5 19. Qa7 Rc8 20. Qxa6 Rxc2 21. Qxb5+ Qd7 22. Nd4 Qxb5+ 23. Nxb5 Rxb2 24. a6 Kd7 25. Nb6+ Kc6 26. Na7+ Kc7 27. Rc1+ Kb8 28. Nac8 Ra2 29. a7+ Kb7 30. Rb1 Nc6 31. a8=Q+ Rxa8 32. Nxa8+ Kxc8 33. Nb6+ Kc7 34. Nd5+ Kd7 35. Rb7+ Ke6 36. Nf4+ Kf6 37. Rc7 Ne5 38. h3 e6 39. Ne2 g5 40. Ng3 Nf3 41. Ne4+ Ke5 42. Nd2 Nxd2+ 43. Bxd2 Kf6 44. Rd7 d5 45. Kg2 Kg6 46. Kg3 Rb8 47. Be3 h6 48. h4 gxh4+ 49. Kxh4 Rh8 50. Ra7 Rc8 51. Ra4 Re8 52. Ra6 f5 53. gxf5+ Kxf5 54. Bxh6 Rh8 55. Kh5 Rg8 56. Ra7 e5 57. Rf7+ Ke6 58. Rf3 Rg2 59. Bg5 d4 60. Rf6+ Kd5 61. f3 d3 62. Rf8 Ke6 63. Kg6 Rg3 64. Re8+ Kd5 65. Rf8 d2 66. Rd8+ Ke6 67. Rxd2 Rxf3 68. Re2 Rf1 69. Re3 Kd5 70. Re2 1/2-1/2

[Event "70th RUS-ch Women Higher League 2020"]
[Site "Sochi"]
[Date "2020.10.12"]
[Round "5.11"]
[White "Lysenko, Margarita"]
[Black "Belenkaya, Dina"]
[Result "0-1"]
[ECO "D20"]
[WhiteElo "2239"]
[BlackElo "2297"]
[Annotator "ChessBase"]
[PlyCount "138"]
[EventDate "2020.10.08"]
[EventType "swiss"]
[EventCountry "RUS"]
[SourceTitle "playchess.com"]
[Source "ChessBase"]
[SourceQuality "1"]
[TimeControl "40/5400+30:1800+30"]

1. d4 d5 2. c4 dxc4 3. e4 Nc6 4. Nf3 Bg4 5. d5 Ne5 6. Bf4 Ng6 7. Be3 Nf6 8. Nc3 e6 9. Qa4+ Qd7 10. Qxd7+ Kxd7 11. dxe6+ Bxe6 12. O-O-O+ Ke8 13. Ng5 Ng4 14. Nxe6 fxe6 15. Bxc4 Nxe3 16. fxe3 Ke7 17. Kd2 Ne5 18. Bb3 Rd8+ 19. Ke2 Rxd1 20. Nxd1 g6 21. Nf2 Bg7 22. Nh3 c5 23. a4 c4 24. Ba2 Rc8 25. Rc1 Rc6 26. Nf2 a6 27. Rc2 Kd7 28. b3 cxb3 29. Bxb3 Rb6 30. Rd2+ Ke7 31. Bd1 Rb1 32. Rc2 Nc6 33. Nd3 Kd6 34. Rc1 Rb6 35. Bc2 Na5 36. Rd1 Ke7 37. Rb1 Rc6 38. Bd1 Bc3 39. h4 Kd6 40. g4 b6 41. Rc1 b5 42. axb5 axb5 43. Rb1 Rb6 44. Ba4 b4 45. Rd1 Ke7 46. e5 Nc4 47. Bb3 Rc6 48. Rc1 Na5 49. Ba4 Rc4 50. Kf3 b3 51. Bb5 Rc7 52. Nb2 Kd8 53. Na4 Bxe5 54. Rxc7 Kxc7 55. Bd3 Kc6 56. h5 gxh5 57. gxh5 h6 58. Ke2 b2 59. Kd1 Nc4 60. Ke2 Na3 61. Nxb2 Bxb2 62. Kf3 Nb5 63. Bc4 Nc7 64. Ke4 Kd6 65. Bb3 Ne8 66. Bd1 Nf6+ 67. Kd3 Ke5 68. Be2 Bc1 69. Bd1 Nd5 0-1

[Event "70th RUS-ch Women Higher League 2020"]
[Site "Sochi"]
[Date "2020.10.12"]
[Round "5.12"]
[White "Bykova, Anastasia"]
[Black "Semenova, Elena"]
[Result "0-1"]
[ECO "A81"]
[WhiteElo "2215"]
[BlackElo "2284"]
[Annotator "NA"]
[PlyCount "114"]
[EventDate "2020.10.08"]
[EventType "swiss"]
[EventCountry "RUS"]
[SourceTitle "playchess.com"]
[Source "ChessBase"]
[SourceQuality "1"]
[TimeControl "40/5400+30:1800+30"]

1. d4 f5 2. g3 Nf6 3. Bg2 d6 4. d5 c6 5. Nc3 e5 6. dxe6 {[%emt 0:00:13] A81: Dutch Defence: 2 g3.} Bxe6 7. e4 fxe4 8. Nxe4 {[%emt 0:03:07] [#]} Nxe4 $146 ({Predecessor:} 8... Be7 9. Ng5 Bd5 10. Bxd5 Qa5+ 11. Bd2 Qxd5 12. Qf3 O-O 13. Qxd5+ Nxd5 14. N1h3 Na6 {½-½ (32) Weber,J (2236)-Wagener,A (2278) Differdingen 2007}) 9. Bxe4 d5 10. Bg2 Bc5 11. Qe2 Qe7 12. Bg5 Qxg5 13. Qxe6+ Qe7 14. Qxe7+ Bxe7 15. f4 Nd7 16. O-O-O O-O-O 17. Nf3 Rhe8 18. Rhe1 Bf6 19. g4 g6 20. Bh3 Kc7 21. g5 Bg7 22. f5 gxf5 23. Bxf5 Ne5 $11 24. Nxe5 Rxe5 25. Rxe5 Bxe5 26. h4 Bf4+ 27. Kb1 Bg3 28. Bxh7 Bxh4 29. Rg1 Rd7 30. Bf5 Re7 31. a4 Rg7 32. g6 Kd6 33. b4 b6 34. Rh1 Bf6 35. b5 c5 36. Rf1 Ke5 37. c3 Re7 38. Kc2 Kd6 39. Bd3 Bg7 40. Rd1 Re3 41. c4 Rg3 42. Be4 Rc3+ 43. Kb1 Rxc4 44. Bxd5 Rb4+ 45. Kc2 Ke5 46. Bc6 Rxa4 47. Rf1 Rg4 48. Be8 Kd4 49. Rf7 Be5 50. Rxa7 Rg2+ 51. Kd1 Kd3 52. Ke1 c4 53. Kf1 Rg5 54. Kf2 c3 55. Rd7+ Bd4+ 56. Kf3 c2 57. Rc7 Bc5 0-1

[Event "70th RUS-ch Women Higher League 2020"]
[Site "Sochi"]
[Date "2020.10.12"]
[Round "5.15"]
[White "Gorovenko, Darya"]
[Black "Garmash, Aliona"]
[Result "0-1"]
[ECO "D11"]
[WhiteElo "2120"]
[BlackElo "2093"]
[Annotator "NA"]
[PlyCount "96"]
[EventDate "2020.10.08"]
[EventType "swiss"]
[EventCountry "RUS"]
[SourceTitle "playchess.com"]
[Source "ChessBase"]
[SourceQuality "1"]
[TimeControl "40/5400+30:1800+30"]

1. d4 d5 2. c4 c6 3. Nf3 Nf6 4. Qc2 dxc4 5. e4 Bg4 6. Bxc4 e6 7. Be3 Nbd7 8. Nbd2 Be7 9. O-O Rc8 10. Rfe1 O-O 11. Qb3 Nb6 $11 12. Ne5 Bh5 13. Nd3 Nxc4 14. Qxc4 Nd7 15. b4 Bf6 16. e5 Nb6 17. Qb3 Be7 18. Nc5 Qc7 19. Rac1 Nd5 20. a3 Rfd8 21. Nc4 Bg6 22. Bd2 Nb6 23. Na5 Rxd4 24. Bc3 Rd5 25. Ncxb7 Rb8 26. Nc5 Bxc5 27. bxc5 Nd7 28. Qa4 Rb5 29. Nb3 Qb7 30. Bb4 Nxe5 31. Rxe5 Rxe5 32. Nd4 Rbxc5 33. Bxc5 Rxc5 34. Re1 h6 35. h3 Qd7 36. Nf3 Rc2 37. Qa5 Bf5 38. g4 Bg6 39. Qb4 Qd5 40. Ne5 c5 41. Qb8+ Kh7 42. Nxg6 Kxg6 43. Qb1 Qd2 44. Rf1 c4 45. Qb7 Qd3 46. a4 c3 47. a5 Rd2 48. a6 c2 0-1

[Event "70th RUS-ch Women Higher League 2020"]
[Site "Sochi"]
[Date "2020.10.12"]
[Round "5.17"]
[White "Berezina, Mariya"]
[Black "Kochukova, Anna"]
[Result "0-1"]
[ECO "A28"]
[WhiteElo "1982"]
[BlackElo "2093"]
[Annotator "NA"]
[PlyCount "137"]
[EventDate "2020.10.08"]
[EventType "swiss"]
[EventCountry "RUS"]
[SourceTitle "playchess.com"]
[Source "ChessBase"]
[SourceQuality "1"]
[TimeControl "40/5400+30:1800+30"]

1. c4 e5 2. Nc3 Nf6 3. Nf3 Nc6 4. e3 Bb4 5. Qc2 Bxc3 6. Qxc3 Qe7 7. d4 {[%emt 0:01:07] is cutting edge theory. A28: English Opening: Four Knights Variation.} Ne4 8. Qd3 exd4 9. Nxd4 O-O 10. Be2 Qb4+ 11. Kf1 Qe7 12. f3 f5 13. Qd1 Nc5 14. Kf2 d6 15. Re1 Qh4+ 16. Kg1 Rf6 {[%emt 0:00:37] [#]} 17. Nxc6 $146 ({Predecessor:} 17. g3 Rg6 18. Nxc6 Rxg3+ 19. hxg3 Qxg3+ 20. Kh1 Qh3+ 21. Kg1 Qg3+ 22. Kh1 Qh3+ 23. Kg1 {½-½ (23) Caruana,F (2827)-Ding,L (2804) Batumi 2018}) 17... bxc6 18. g3 Rg6 $11 19. Bf1 Be6 20. b3 Re8 21. Bb2 Qg5 22. Bg2 Bd7 23. b4 Nb7 24. f4 Qe7 25. Qd2 Nd8 26. Rad1 Re6 27. Kf2 Nf7 28. Qd4 Nh6 29. h3 a6 30. Rd3 Rb8 31. Bc3 Kf8 32. Qa7 Qd8 33. Qd4 Re7 34. Rd2 Ng8 35. e4 fxe4 36. Rxe4 Nf6 37. Rxe7 Qxe7 38. Re2 Qf7 39. Qa7 Re8 40. Rxe8+ Bxe8 41. Qxa6 Qg6 42. Bxf6 Qxf6 43. Bxc6 Qd4+ 44. Kg2 Qd2+ 45. Kg1 Qe1+ 46. Kh2 Qd2+ 47. Bg2 Qxb4 48. a3 Qb3 49. Qc8 Qxc4 50. Qf5+ Bf7 51. Qxh7 d5 52. Qf5 d4 53. Be4 g6 54. Qe5 d3 55. Bf3 Kg8 56. f5 Qc2+ 57. Kg1 d2 58. fxg6 d1=Q+ 59. Bxd1 Qxd1+ 60. Kh2 Qc2+ 61. Kg1 Bxg6 62. Qd5+ Kh7 63. Qd7+ Kh6 64. Qe6 Qc5+ 65. Kg2 Qd4 66. Qa6 c5 67. a4 c4 68. a5 c3 69. Kf3 0-1

[Event "70th RUS-ch Women Higher League 2020"]
[Site "Sochi"]
[Date "2020.10.12"]
[Round "5.18"]
[White "Komissarova, Soigina"]
[Black "Salakhova, Adelya"]
[Result "1-0"]
[ECO "D37"]
[WhiteElo "1780"]
[BlackElo "1885"]
[Annotator "NA"]
[PlyCount "147"]
[EventDate "2020.10.08"]
[EventType "swiss"]
[EventCountry "RUS"]
[SourceTitle "playchess.com"]
[Source "ChessBase"]
[SourceQuality "1"]
[TimeControl "40/5400+30:1800+30"]

1. c4 e6 2. Nf3 Nf6 3. Nc3 d5 4. d4 Be7 5. Bf4 O-O 6. e3 b6 7. cxd5 exd5 8. Bd3 c5 9. h3 Bb7 10. O-O Nbd7 11. Ne5 a6 12. a4 Rc8 13. Bh2 $11 (13. Qf3 $14) 13... Ne4 14. Rc1 Nxc3 15. bxc3 Nxe5 16. Bxe5 Bf6 17. Bf4 c4 18. Bf5 Ra8 19. f3 Re8 20. Re1 b5 21. Bc2 Qa5 22. Re2 Bc6 23. e4 g6 24. Qe1 Bg7 25. Bd6 Qd8 26. Qg3 Qd7 27. Ree1 Rad8 28. e5 Qa7 29. Bc5 Qc7 30. f4 f5 31. Qf3 Kh8 32. Kh1 Bd7 33. Bd6 Qc6 34. Rg1 Bf8 35. Bxf8 Rxf8 36. Qg3 Be6 37. Qg5 Rd7 38. h4 b4 39. Qh6 Rdf7 40. h5 gxh5 41. Bd1 Rg7 42. cxb4 Qb6 43. Rc3 Qxb4 44. Rh3 Qe7 45. Qxh5 Qd7 46. Qf3 Qa7 47. Rh6 Rg6 48. Qh3 Rfg8 49. Bf3 Qg7 50. Rh5 Rg3 51. Qh2 Rb8 52. Rh3 Rxh3 53. gxh3 Qh6 54. h4 Rb3 55. Qg3 Rb7 56. h5 Rb8 57. Qh4 c3 58. Bd1 Rc8 59. Rg2 Qf8 60. h6 Bd7 61. Bc2 Rc6 62. Rh2 Rg6 63. Qf2 Rxh6 64. Qe2 Rxh2+ 65. Kxh2 Qh6+ 66. Kg3 Qb6 67. Qd3 Qb2 68. Kf3 h5 69. Kg3 Kg7 70. Kh4 Qc1 71. Qg3+ Kh7 72. Kxh5 Be8+ 73. Kg5 Qxc2 74. Kf6 1-0

[Event "70th RUS-ch Women Higher League 2020"]
[Site "Sochi"]
[Date "2020.10.14"]
[Round "6.1"]
[White "Garifullina, Leya"]
[Black "Guseva, Marina"]
[Result "1/2-1/2"]
[ECO "B12"]
[WhiteElo "2335"]
[BlackElo "2377"]
[Annotator "RC"]
[PlyCount "49"]
[EventDate "2020.10.08"]
[EventType "swiss"]
[EventCountry "RUS"]
[SourceTitle "playchess.com"]
[Source "ChessBase"]
[SourceQuality "1"]
[TimeControl "40/5400+30:1800+30"]

1. e4 c6 2. d4 d5 3. e5 Bf5 4. Nf3 e6 5. Be2 Nd7 6. O-O Ne7 7. Nbd2 Bg6 8. Nb3 Nf5 9. Bd2 Rc8 10. Rc1 h6 11. Ba5 b6 12. Bd2 Be7 13. c4 dxc4 14. Rxc4 O-O 15. Bf4 c5 16. dxc5 Bxc5 17. Qc1 Qe7 18. Nbd4 Nxd4 19. Nxd4 b5 20. Nxb5 Nb6 21. Nxa7 Rc7 22. Nb5 Rc6 23. Na7 Rc7 24. Nb5 Rc6 25. Na7 1/2-1/2

[Event "70th RUS-ch Women Higher League 2020"]
[Site "Sochi"]
[Date "2020.10.14"]
[Round "6.2"]
[White "Kovalevskaya, Ekaterina"]
[Black "Gunina, Valentina"]
[Result "0-1"]
[ECO "B13"]
[WhiteElo "2384"]
[BlackElo "2431"]
[Annotator "RC"]
[PlyCount "74"]
[EventDate "2020.10.08"]
[EventType "swiss"]
[EventCountry "RUS"]
[SourceTitle "playchess.com"]
[Source "ChessBase"]
[SourceQuality "1"]
[TimeControl "40/5400+30:1800+30"]

1. e4 c6 2. d4 d5 3. exd5 cxd5 4. c4 Nf6 5. Nc3 Nc6 6. Nf3 a6 7. Bg5 Be6 8. Be2 g6 9. Bxf6 exf6 10. O-O Bg7 11. Qb3 dxc4 12. Qxb7 Na5 13. Qb4 Rb8 14. Qa3 Bf8 15. Qa4+ Bd7 16. Qc2 Bh6 17. Nd2 O-O 18. Nxc4 Bf5 19. Qa4 Nxc4 20. Bxc4 Rxb2 21. Bb3 Qd6 22. Nd5 Bd3 23. Rfd1 Bd2 24. Qc6 Rd8 25. Nxf6+ Kh8 26. d5 Qf4 27. g3 Qd4 28. Ne8 Bc3 29. Rf1 Bb5 30. Qc7 Rxe8 31. Qxf7 Qg7 32. Qxg7+ Kxg7 33. Rfd1 Ree2 34. d6 Rxf2 35. Bd5 Bb4 36. a4 Bc5 37. Rac1 Rf1# 0-1

[Event "70th RUS-ch Women Higher League 2020"]
[Site "Sochi"]
[Date "2020.10.14"]
[Round "6.14"]
[White "Kochukova, Anna"]
[Black "Lysenko, Margarita"]
[Result "1/2-1/2"]
[ECO "B53"]
[WhiteElo "2093"]
[BlackElo "2239"]
[Annotator "RC"]
[PlyCount "119"]
[EventDate "2020.10.08"]
[EventType "swiss"]
[EventCountry "RUS"]
[SourceTitle "playchess.com"]
[Source "ChessBase"]
[SourceQuality "1"]
[TimeControl "40/5400+30:1800+30"]

1. e4 c5 2. Nf3 d6 3. d4 cxd4 4. Qxd4 Nc6 5. Bb5 Bd7 6. Bxc6 Bxc6 7. c4 Nf6 8. Nc3 g6 9. O-O Bg7 10. Qd3 O-O 11. Nd4 Rc8 12. Rd1 Nd7 13. Qe2 Nc5 14. Rb1 Bd7 15. Be3 a6 16. b4 Na4 17. Nxa4 Bxa4 18. Rdc1 Bd7 19. Qd3 Qc7 20. h4 Rfd8 21. b5 Rf8 22. bxa6 bxa6 23. Qa3 Ra8 24. Nb3 Bc6 25. f3 Rfb8 26. Na5 Bf6 27. Bf2 Bd7 28. Rb3 Rxb3 29. axb3 Rb8 30. b4 e6 31. b5 axb5 32. cxb5 Qd8 33. Nc6 Bxc6 34. bxc6 Bb2 35. Qa7 Rc8 36. Rb1 Be5 37. Rc1 d5 38. Qc5 Bd6 39. Qd4 dxe4 40. Qxe4 Qf6 41. Bd4 Qf4 42. Qxf4 Bxf4 43. Rc4 Bd6 44. Kf2 e5 45. Bb6 f6 46. Ke3 Kf7 47. g4 Ke6 48. Rc2 Kd5 49. c7 Ke6 50. h5 Kd7 51. hxg6 hxg6 52. Ke4 Ke6 53. Kd3 Kd5 54. Ba5 f5 55. Ke3 Ke6 56. Rc6 Kd7 57. Ra6 Rg8 58. Kd3 Bxc7 59. Bxc7 Kxc7 60. Re6 1/2-1/2